 Dungeon Crawl Stone Soup version 0.19-a0-1002-g674d22e (webtiles) character file.

32 Gagarin the Magician (level 3, 0/21 HPs)
             Began as an Octopode Wizard on July 18, 2016.
             Slain by a jackal (2 damage)
             ... on level 1 of the Dungeon.
             The game lasted 00:04:10 (1448 turns).

Gagarin the Magician (Octopode Wizard)              Turns: 1448, Time: 00:04:11

Health: 0/21       AC:  1    Str:  6    XL:     3   Next: 27%
Magic:  0/8        EV: 12    Int: 21    God:
Gold:   30         SH:  0    Dex: 10    Spells: 1 memorised, 8 levels left

rFire  . . .     SeeInvis .     (no weapon)
rCold  . . .     Gourm    .     (no shield)
rNeg   . . .     Faith    .     a - +0 hat
rPois  .         Spirit   .     (no amulet)
rElec  .         Dismiss  .     (no ring)
rCorr  .         Reflect  .     (no ring)
SustAt .         Harm     .     (no ring)
MR     .....                    (no ring)
Stlth  +++.......               (no ring)
                                (no ring)
                                (no ring)
                                (no ring)

@: very slightly contaminated, not resistant to hostile enchantments, fairly
stealthy
A: almost no armour, amphibious, 8 rings, constrict 8, camouflage 1, gelatinous
body 1
a: no special abilities


You were on level 1 of the Dungeon.
You were not hungry.

You visited 1 branch of the dungeon, and saw 2 of its levels.

You collected 30 gold pieces.

Inventory:

Missiles
 e - 58 arrows
 h - 13 poisoned needles
 i - 21 bolts
Armour
 a - a +0 hat (worn)
Scrolls
 d - a scroll of identify {unknown}
Potions
 g - a potion of curing {unknown}
Books
 b - a book of Minor Magic

   Spells                             Type                      Level
   a - Magic Dart                     Conjuration                  1
   b - Blink                          Translocation                2
   c - Call Imp                       Summoning                    2
   d - Repel Missiles                 Charms/Air                   2
   e - Slow                           Hexes                        2
   f - Conjure Flame                  Conjuration/Fire             3
   g - Mephitic Cloud                 Conjuration/Poison/Air       3
Comestibles
 c - a bread ration
 f - 3 chunks of flesh


   Skills:
 + Level 2.2 Dodging
 + Level 2.9 Stealth
 + Level 0.2 Unarmed Combat
 + Level 3.7 Spellcasting
 + Level 1.4 Conjurations
   Level 1.0 Summonings
   Level 1.0 Translocations


You had 8 spell levels left.
You knew the following spells:

 Your Spells              Type           Power        Failure   Level  Hunger
a - Magic Dart            Conj           #...         10%         1    None


Dungeon Overview and Level Annotations

Branches:
Dungeon (2/15)

Altars:


Innate Abilities, Weirdness & Mutations

You cannot wear most types of armour.
You are amphibious.
You can wear up to eight rings at the same time.
You can use your tentacles to constrict eight enemies at once.
Your skin changes colour to match your surroundings (Stealth+).
Your rubbery body absorbs attacks. (AC +1)


Message History

* * * LOW HITPOINT WARNING * * *
You tentacle-slap the jackal.
You kill the jackal!
The jackal closely misses you. The jackal bites you.
* * * LOW HITPOINT WARNING * * *
Casting: Magic Dart
Confirm with . or Enter, or press ? or * to list all spells.
Aiming: Magic Dart
Press: ? - help, Shift-Dir - straight line, f - jackal
Aim: a jackal The magic dart hits the jackal.
The jackal is lightly wounded.
The jackal barely misses you.
You tentacle-slap the jackal but do no damage.
You grab the jackal.
The jackal is lightly wounded.
You constrict the jackal, but do no damage.
The jackal bites you.
You die...

.....#.........## #.....#
#..
####..#.........#######..#
###
#.......#.............# #
#......###.....######.# #
##.....#####.....## ##.# #
###.....#.....#.....###..#
#
##.....###...###.....##.##
#
#.....#####.#####.....#.#
#
.....#.........h@#......#
#
....###....<....###.....#
#
...#####.......#####....#
#
..#.....#.....#.....#...#
#
.###...###...###...###..#
#
#####.#####.#####.#####.#
#
........................#
#
(#.##..####.#######.#####
# ............# #.# ###


You could see a jackal.

Vanquished Creatures
  2 oozes (D:1)
  3 bats
  2 giant cockroaches (D:1)
  2 goblins (D:1)
  4 hobgoblins (D:1)
  5 jackals (D:1)
  A giant newt (D:1)
  2 rats (D:1)
21 creatures vanquished.

Notes
Turn   | Place    | Note
-------+----------+-------------------------------------------
     0 | D:1      | Gagarin the Octopode Wizard began the quest for the Orb.
     0 | D:1      | Reached XP level 1. HP: 11/11 MP: 4/4
   424 | D:1      | Reached XP level 2. HP: 13/17 MP: 0/6
  1249 | D:1      | Reached XP level 3. HP: 21/21 MP: 4/8
  1448 | D:1      | Slain by a jackal

Vault maps used:
D:1:      onia_arrival_pyramid
D:2:      bloody_trog, grunt_pakellas_mercury, uniq_iyjb

Action                   || total
-------------------------++-------
Melee: Unarmed           ||    52
       Constrict         ||    12
       Tentacles         ||    11
 Cast: Magic Dart        ||    51
 Stab: Sleeping          ||     2
  Eat: Chunk             ||     2
Armor: Skin              ||     6
Dodge: Dodged            ||    38
